 Dungeon Crawl Stone Soup version 0.28.0-53-g5a82cb258f (webtiles) character file.

Game seed: 2926581021608719938

13 Gabide the Sneak (level 2, -4/25 HPs)
             Began as a Barachi Delver on May 27, 2022.
             Slain by Sigmund
             ... wielding a +0 scythe
              (9 damage)
             ... on level 5 of the Dungeon.
             The game lasted 00:01:24 (375 turns).

Gabide the Sneak (Barachi Delver)                    Turns: 375, Time: 00:01:24

Health: -4/25      AC:  3    Str: 13    XL:     2   Next: 37%
Magic:  2/2        EV: 12    Int: 10    God:
Gold:   26         SH:  0    Dex: 13    Spells: 1/1 levels left

rFire   . . .      SeeInvis .   a - +0 falchion
rCold   . . .      Faith    .   (no shield)
rNeg    . . .      Spirit   .   b - +0 leather armour
rPois   .          Reflect  .   (no helmet)
rElec   .          Harm     .   (no cloak)
rCorr   .          Rampage  .   (no gloves)
Will    .....                   (no boots)
Stlth   ++........              (no amulet)
HPRegen 0.08/turn               (no ring)
MPRegen 0.08/turn               (no ring)

@: unable to hop, hasted, quick
A: amphibious, slowness 1, strong legs 1, +LOS
a: Hop


You were on level 5 of the Dungeon.
You visited 1 branch of the dungeon, and saw 1 of its levels.

You collected 26 gold pieces.

Inventory:

Hand Weapons
 a - a +0 falchion (weapon)
Armour
 b - a +0 leather armour (worn)
 i - an orb of mayhem
Wands
 g - a wand of digging (3)
 h - a wand of mindburst (6)
Scrolls
 c - a scroll of fog
 d - a scroll of magic mapping
 e - a scroll of fear


   Skills:
 + Level 3.9 Fighting
 + Level 2.7 Long Blades
 + Level 2.5 Dodging
 + Level 4.6 Stealth


You had one spell level left.
You didn't know any spells.
Your spell library contained the following spells:

 Spells                   Type           Power      Damage    Failure   Level
 Magic Dart               Conj           0%         1d3       43%         1
 Searing Ray              Conj           0%         2d4       58%         2
 Fulminant Prism          Conj/Hex       0%         3d6       99%         4


Dungeon Overview and Level Annotations

Branches:
Dungeon (5/15)
 Temple: D:4-7

Altars:

Annotations:
D:5 3 runed translucent doors, Robocop's ghost, novice HOFi; Sigmund


Innate Abilities, Weirdness & Mutations

You are amphibious.
You cover ground slowly.
You can hop short distances.
You have an extended range of vision and can be seen from far away.


Message History

You see here a quokka corpse.
You pick up a book of Conjurations and begin reading...
You add the spells Magic Dart, Searing Ray and Fulminant Prism to your library.
Found 15 stones.
Found a stone staircase leading up.
You open the door.
Found a runed orb.
Found a stone staircase leading up.
There is an open door here.
You see here an orb of mayhem.
i - an orb of mayhem
Found 18 arrows.
A hound comes into view.
A hound is nearby!
A hound is nearby!
The hound barks!
You hear a shout!
You slash the hound!
The hound is heavily wounded.
The hound misses you. The hound barely misses you.
You closely miss the hound.
The hound is heavily wounded.
The hound closely misses you. The hound bites you.
You barely miss the hound.
The hound is heavily wounded.
The hound bites you.
You barely miss the hound.
The hound is heavily wounded.
The hound closely misses you.
Sigmund the Dreaded comes into view.
He is wielding a +0 scythe.
The hound bites you.
Sigmund hits you from afar with a +0 scythe!
* * * LOW HITPOINT WARNING * * *
Okay, then.
Hop to where?
Press: ? - help, Dir - move target Boing!
You feel yourself speed up. Sigmund hits you but does no damage.
There is a stone staircase leading up here.
The hound closely misses you. Sigmund hits you with a +0 scythe!
You die...

.. .. ## #. ## #. .. ..
#.# #.# .###.### .. #..
... ... .... ..# ...
#.# #.#
#.####.##...#..# #.#
#.# #.#..@......... #.#
#.# #.#..h@###..#.###
#.# #.#
#................ #.#
#.# #..#...####.#....
#.# #.# #..#.......
####.###.###..##.#.##..
..............##.#.#
.##.####.............
.##.# ##...#......(.


You could see Sigmund and a hound.

Vanquished Creatures
  An adder (D:5)
  An orc (D:5)
  A quokka (D:5)
3 creatures vanquished.

Notes
Turn   | Place    | Note
-------+----------+-------------------------------------------
     0 | D:5      | Gabide the Barachi Delver began the quest for the Orb.
     0 | D:5      | Reached XP level 1. HP: 18/18 MP: 1/1
     9 | D:5      | Found a runed translucent gate.
     9 | D:5      | Found a runed translucent gate.
    10 | D:5      | Found a runed translucent gate.
    13 | D:5      | Noticed Robocop's ghost (novice HOFi)
    39 | D:5      | Reached XP level 2. HP: 10/25 MP: 2/2
   371 | D:5      | Noticed Sigmund
   375 | D:5      | Slain by Sigmund

Illustrated notes

Levels and vault maps discovered:
D:5:      minmay_chambers_of_threes, layout_basic, temple_statues,
          ebering_ghost_rock_garden, uniq_sigmund

Action                   || total
-------------------------++-------
Melee: Falchion          ||    20
 Abil: Hop               ||     1
Evoke: Wand              ||     2
  Use: Potion            ||     1
Armor: Leather armour    ||    11
Dodge: Dodged            ||    18
